 Dungeon Crawl Stone Soup version 0.31.0-11-ge490571c62 (webtiles) character file.

Game seed: 14568887415490310474

236 Curundu the Chopper (level 5, -2/72 HPs)
             Began as a Minotaur Berserker on Feb 1, 2024.
             Was a Believer of Trog.
             Killed by divine providence
             ... invoked by an orc priest
              (13 damage)
             ... on level 5 of the Dungeon.
             The game lasted 00:04:08 (1624 turns).

Curundu the Chopper (Minotaur Berserker)            Turns: 1624, Time: 00:04:08

Health: -2/72      AC:  3    Str: 24    XL:     5   Next: 77%
Magic:  4/4        EV: 17    Int:  4    God:    Trog [**....]
Gold:   82         SH:  0    Dex:  9    Spells: 4/4 levels left

rFire   . . .        a - +0 hand axe
rCold   . . .        (no shield)
rNeg    . . .        b - +0 animal skin
rPois   .            (helmet restricted)
rElec   .            (no cloak)
rCorr   .            (no gloves)
SInv    .            h - +0 pair of boots
Will    .....        (no amulet) Stlth
                     g - +5 ring of evasion
HPRegen 0.32/turn    (no ring)
MPRegen 0.09/turn

%: no passive effects
@: berserking (expiring), very quick
A: horns 2, retaliatory headbutt
a: Renounce Religion, Berserk, Trog's Hand


You were on level 5 of the Dungeon.
You worshipped Trog.
Trog was pleased with you.
You visited 1 branch of the dungeon, and saw 5 of its levels.

You collected 82 gold pieces.

Inventory:

Hand Weapons
 a - a +0 hand axe (weapon)
Armour
 b - a +0 animal skin (worn)
 h - a +0 pair of boots (worn)
Jewellery
 g - a +5 ring of evasion (left hand)
Scrolls
 e - 2 scrolls of enchant armour {unknown}
 j - a scroll of vulnerability {unknown}
 k - 4 scrolls of identify {unknown}
 l - 2 scrolls of amnesia {unknown}
Potions
 c - a potion of attraction {unknown}
 d - a potion of berserk rage {unknown}
 f - a potion of might {unknown}
 i - 2 potions of curing {unknown}
 m - a potion of haste {unknown}


   Skills:
 + Level 5.4 Fighting
 + Level 5.7 Axes
 + Level 2.7 Armour
 + Level 3.4 Dodging
 + Level 0.4 Stealth


You had 4 spell levels left.
You didn't know any spells.
Your spell library was empty.

Dungeon Overview and Level Annotations

Branches:
Dungeon (6/15)
 Temple: D:4-7

Altars:

Shops:
D:6 (


Innate Abilities, Weirdness & Mutations

You have a pair of horns on your head.
You reflexively headbutt those who attack you in melee.


Message History

The sleepcap releases spores at you but does no damage.
The orc hits you with a +0 club!
You wake up.
A red film seems to cover your vision as you go berserk!
You feel yourself moving faster!
You feel mighty!
The bombardier beetle closely misses you.
The sleepcap barely misses you. You furiously retaliate!
You headbutt the sleepcap! The orc misses you. You furiously retaliate!
You headbutt the orc!!
You kill the orc!
Trog accepts your kill.
The orc priest shouts!
You slash the sleepcap!
You destroy the sleepcap!
Trog accepts your kill.
You barely miss the bombardier beetle. You slash the bombardier beetle!
The bombardier beetle is severely wounded.
The bombardier beetle bites you.
* * * LOW HITPOINT WARNING * * *
You closely miss the bombardier beetle.
Your headbutt misses the bombardier beetle.
The bombardier beetle is severely wounded.
You hit the bombardier beetle.
You kill the bombardier beetle!
Trog accepts your kill.
You hit the orc.
You kill the orc!
Trog accepts your kill.
Okay, then. 2 orcs come into view.
The orc shouts! x2
The orc priest mumbles some strange prayers to Beogh against you.
Beogh smites you!
* * * LOW HITPOINT WARNING * * *
Things that are here:
a +0 club; a +0 scale mail; an orc corpse You feel a strong urge to attack something.
The orc priest calls down the wrath of Beogh upon you.
Beogh smites you!
You die...

.##....... ........
##.........
...#....o.
........o.
......(.o####.....
.......#...........
.....$.#@# #......
^......))####.>..##
......†.....#......
###.#####...[..#.###
..................
.............#..#
...#######.....#.#
.................#
...#####.........#


You could see an orc priest and 2 orcs.

Vanquished Creatures
  A bombardier beetle (D:5)
  2 hounds (D:5)
  2 sleepcaps (D:5)
  An orc wizard (D:3)
  An adder (D:3)
  A ribbon worm (D:2)
  6 orcs
  7 ball pythons
  2 endoplasms (D:2)
  A giant cockroach (D:1)
  4 goblins
  4 hobgoblins
  3 jackals (D:1)
  3 quokkas
  2 bats
  A frilled lizard (D:1)
  4 kobolds
  2 rats (D:1)
47 creatures vanquished.

Notes
Turn   | Place    | Note
-------+----------+-------------------------------------------
     0 | D:1      | Curundu the Minotaur Berserker began the quest for the Orb.
     0 | D:1      | Reached XP level 1. HP: 19/19 MP: 0/0
   130 | D:1      | Reached XP level 2. HP: 17/27 MP: 1/1
   959 | D:2      | Reached XP level 3. HP: 29/33 MP: 2/2
  1182 | D:2      | Reached ** piety under Trog
  1440 | D:3      | Reached XP level 4. HP: 21/41 MP: 3/3
  1498 | D:3      | You fall into a shaft and drop 3 floors!
  1501 | D:6      | Found Caczom's Antique Weapon Emporium.
  1514 | D:5      | Entered Level 5 of the Dungeon
  1526 | D:5      | Reached skill level 5 in Fighting
  1526 | D:5      | Reached skill level 5 in Axes
  1526 | D:5      | Reached XP level 5. HP: 38/48 MP: 4/4
  1624 | D:5      | Killed from afar by an orc priest

Illustrated notes

Levels and vault maps discovered:
D:1:      evilmike_arrival_crescent, layout_basic, serial_curves,
          eino_curves_01, eino_curves_01
D:2:      layout_rooms, minmay_misc_feat_chi, nicolae_figureground_sparkle
D:3:      layout_loops_cross, mainiacjoe_overflow_concentric_impassable,
          hangedman_decor_diamond_cutter
D:5:      layout_rooms, ashenzari_altar_1, uniq_pikel
D:6:      layout_basic, minmay_temple_entry_mist, serial_bayou,
          serial_bayou_pond_e, serial_bayou_pond_a, serial_bayou_lagoon_a,
          serial_bayou_pond_c, serial_shops, nicolae_stop_n_shop_1, shop_statue,
          nicolae_shop_statue_plus, nicolae_nh_ransacked_shop

Skill      XL: |  1  2  3  4 |
---------------+-------------+-----
Axes           | 4 5 |  5.7
Fighting       | 4 5 |  5.4
Dodging        | 3 |  3.4
Armour         | |  2.7
Stealth        | |  0.4

Action                     |  1- 3 |  4- 6 || total
---------------------------+-------+-------++-------
  Melee: Hand axe          |    65 |    21 ||    86
         Punch             |     1 |       ||     1
         Headbutt          |    10 |     7 ||    17
 Invoke: Trog's Hand       |     1 |       ||     1
         Berserk           |       |     1 ||     1
 Armour: Animal skin       |    35 |    20 ||    55
  Dodge: Dodged            |    54 |    23 ||    77
